AoeStats
← Sirfrancisdrake

Arabia

503625503Analyzed
1v1 RM · 1mo ago on Sep 1, 2026· 26m 58s· 2 players
Game mode
Random Map
Map size
Tiny (2 player)
Population
200
Speed
Normal
Resources
Standard
Victory
Conquest
Starting age
Dark Age
Ending age
Imperial Age
RankedLock teamsTeams togetherTeam positionsShared explorationLock speedFull tech treeHidden civsTurbo modeCheats
Victory
Defeat
🇹🇷 Khmer · Türkiye
913
+16
🇩🇪 Franks · Germany
905
-44
scoutsoN
7:46 Loom
9:38 Feudal Age
10:38 Double-Bit Axe
11:32 Wheelbarrow
Sirfrancisdrake
9:37 Loom
11:36 Feudal Age
15:24 Bloodlines
17:36 Forging
20:20 Double-Bit Axe
21:03 Horse Collar
22:06 Scale Barding Armor
26:51 Castle Age
Connection lost

Rejoining the realm…

Still unreachable

The connection could not be restored.

Session expired

The server has moved on; the page needs a fresh start.